 Dungeon Crawl Stone Soup version 0.31.0-1-g2c135a0 (webtiles) character file.

Game seed: 2696809809122256478

5207 edsrzf the Basher (level 10, -2/82 HPs)
             Began as a Gnoll Cinder Acolyte on Feb 1, 2024.
             Was an Elder of Ignis.
             Slain by Snorg (22 damage)
             ... on level 10 of the Dungeon on Feb 2, 2024.
             The game lasted 00:17:16 (7736 turns).

edsrzf the Basher (Gnoll Cinder Acolyte)            Turns: 7736, Time: 00:17:17

Health: -2/82      AC: 22    Str: 17    XL:     10   Next: 60%
Magic:  28/28      EV: 10    Int: 15    God:    Ignis [****..]
Gold:   473        SH:  0    Dex:  7    Spells: 21/21 levels left

rFire   + . .        a - +2 flail (protect)
rCold   + . .        (no shield)
rNeg    + . .        w - +7 Kryia's mail coat {PotionHeal*2 rC+}
rPois   .            r - +0 helmet
rElec   .            (no cloak)
rCorr   .            (no gloves)
SInv    .            (no boots)
Will    .....        v - amulet of regeneration
Stlth   +            u - ring of positive energy
HPRegen 1.13/turn    n - ring of magical power
MPRegen 0.21/turn

%: no passive effects
@: under a protective aura
A: fangs 1, strong nose, distributed training
a: Renounce Religion, Fiery Armour, Foxfire Swarm, Rising Flame


You were on level 10 of the Dungeon.
You worshipped Ignis.
Ignis was greatly pleased with you.
You visited 1 branch of the dungeon, and saw 10 of its levels.

You collected 571 gold pieces.
You spent 98 gold pieces at shops.

Inventory:

Hand Weapons
 a - a +2 flail of protection (weapon)
Missiles
 k - 31 poisoned darts (quivered)
 G - a curare-tipped dart
 K - 2 atropa-tipped darts
Armour
 r - a +0 helmet (worn)
 w - the +7 Kryia's mail coat (worn) {PotionHeal*2 rC+}
   (You found it on level 4 of the Dungeon)

   PotionHeal*2: Potions heal its wearer twice as much.
   rC+:       It protects you from cold.
Jewellery
 n - a ring of magical power (right hand)
 u - a ring of positive energy (left hand)
 v - an amulet of regeneration (around neck)
 y - an amulet of reflection
 C - a +6 ring of dexterity
 F - an amulet of magic regeneration
 J - a ring of positive energy
Wands
 c - a wand of flame (18)
 s - a wand of charming (20)
Scrolls
 d - a scroll of noise {unknown}
 g - 3 scrolls of teleportation {unknown}
 h - 2 scrolls of revelation {unknown}
 l - 3 scrolls of fog {unknown}
 p - 4 scrolls of enchant weapon {unknown}
 t - a scroll of summoning {unknown}
 x - a scroll of enchant armour {unknown}
 z - 4 scrolls of amnesia {unknown}
 A - a scroll of fear {unknown}
 B - a scroll of vulnerability {unknown}
 D - a scroll of immolation {unknown}
 H - a scroll of poison {unknown}
Potions
 b - 2 potions of magic
 e - a potion of mutation {!q}
 f - 2 potions of ambrosia
 i - 2 potions of might
 j - a potion of invisibility
 m - a potion of brilliance {unknown}
 o - 4 potions of lignification
 q - 2 potions of curing
 I - a potion of berserk rage {unknown}


   Skills:
 + Level 8.7 Fighting
 + Level 5.6 Short Blades
 + Level 5.6 Long Blades
 + Level 5.6 Axes
 + Level 8.7 Maces & Flails
 + Level 5.6 Polearms
 + Level 5.6 Staves
 + Level 5.6 Ranged Weapons
 + Level 5.6 Throwing
 + Level 5.6 Armour
 + Level 5.6 Dodging
 + Level 5.6 Stealth
 + Level 5.6 Shields
 + Level 5.6 Unarmed Combat
 + Level 6.3 Spellcasting
 + Level 4.6 Conjurations
 + Level 4.6 Hexes
 + Level 4.6 Summonings
 + Level 4.6 Necromancy
 + Level 4.6 Translocations
 + Level 7.3 Fire Magic
 + Level 4.6 Ice Magic
 + Level 4.6 Air Magic
 + Level 4.6 Earth Magic
 + Level 4.6 Alchemy
 + Level 6.2 Invocations
 + Level 5.6 Evocations
 + Level 5.1 Shapeshifting


You had 21 spell levels left.
You didn't know any spells.
Your spell library contained the following spells:

 Spells                   Type           Power      Damage    Failure   Level
 Scorch                   Fire           52%        2d7       3%          2
 Apportation              Tloc           36%        N/A       6%          1
 Summon Small Mammal      Summ           72%        N/A       6%          1
 Jinxbite                 Hex            36%        N/A       10%         2
 Lesser Beckoning         Tloc           36%        N/A       10%         2
 Inner Flame              Hex/Fire       22%        N/A       11%         3
 Call Canine Familiar     Summ           18%        N/A       19%         3
 Gell's Gravitas          Tloc           18%        N/A       19%         3
 Hailstorm                Conj/Ice       18%        3d7       19%         3
 Summon Ice Beast         Ice/Summ       18%        N/A       19%         3
 Teleport Other           Tloc           18%        N/A       19%         3
 Flame Wave               Conj/Fire      22%        2d8       36%         4
 Sticky Flame             Fire/Alch      22%        2d6       36%         4
 Summon Blazeheart Golem  Fire/Summ      22%        N/A       36%         4
 Alistair's Intoxication  Alch           12%        N/A       87%         5
 Sculpt Simulacrum        Ice/Alch       9%         N/A       100%        6


Dungeon Overview and Level Annotations

Branches:
Dungeon (10/15)            Temple (0/1) D:7
   Lair: D:8-11         Orc: D:9-12

Altars:
Cheibriados
Elyvilon
Kikubaaqudgha
Nemelex Xobeh
Ru
Sif Muna
Yredelemnul

Shops:
D:7 =   D:9 [*

Annotations:
D:6 2 transporters
D:10 Snorg


Innate Abilities, Weirdness & Mutations

You have very sharp teeth.
Your uncanny sense of smell can sniff out nearby items.
Your experience applies equally to all skills.


Message History

The orc warrior hits you but does no damage.
The orc warrior is burned by your cloak of flames.
The orc warrior is severely wounded.
The orc priest shouts!
You hit the orc warrior.
The orc warrior is almost dead.
The orc warrior hits you with a +0 flail.
You hit the orc warrior.
The orc warrior is almost dead.
You hit the two-headed ogre but do no damage.
The orc priest invokes the aid of Beogh against you.
Beogh smites you!
You hit the two-headed ogre.
The two-headed ogre is lightly wounded.
The two-headed ogre hits you but does no damage.
The two-headed ogre is burned by your cloak of flames.
The two-headed ogre is moderately wounded.
The two-headed ogre hits you but does no damage.
The two-headed ogre is burned by your cloak of flames.
The two-headed ogre is moderately wounded.
You hit the two-headed ogre.
The two-headed ogre is moderately wounded.
You sock the two-headed ogre!
The two-headed ogre is heavily wounded.
The two-headed ogre hits you with a +0 giant spiked club.
The two-headed ogre is burned by your cloak of flames.
The two-headed ogre is heavily wounded.
The two-headed ogre hits you with a +0 giant club!
The two-headed ogre is burned by your cloak of flames.
The two-headed ogre is severely wounded.
Snorg the Insatiable comes into view.
You barely miss the two-headed ogre. Your bite misses the two-headed ogre.
The two-headed ogre is severely wounded.
The two-headed ogre hits you but does no damage.
The two-headed ogre is burned by your cloak of flames.
The two-headed ogre is severely wounded.
The two-headed ogre hits you with a +0 giant club!!
Unknown command.
Okay, then.
You closely miss the two-headed ogre. You punch the two-headed ogre.
The two-headed ogre is severely wounded.
The orc priest calls down the wrath of Beogh upon you.
Beogh smites you!
* * * LOW HITPOINT WARNING * * *
Unknown command.
The +7 Kryia's mail coat enhances the healing.
You feel better.
The two-headed ogre hits you but does no damage.
The two-headed ogre is burned by your cloak of flames.
The two-headed ogre is almost dead.
The two-headed ogre barely misses you.
You thump the two-headed ogre!
You kill the two-headed ogre!
You hit the orc priest.
The orc priest is moderately wounded.
The orc priest hits you with a +0 club.
The orc priest is burned by your cloak of flames.
The orc priest is moderately wounded.
You closely miss the orc priest.
The orc priest is moderately wounded.
The orc priest begins to cast a cantrip, but forgets the words!
Snorg goes berserk!
You hit the orc priest but do no damage.
The orc priest is moderately wounded.
Your fiery armour burns out.
The orc priest hits you but does no damage.
The orc warrior suddenly shouts.
You sock the orc priest!
The orc priest is severely wounded.
The orc priest barely misses you.
You thump the orc priest!
You kill the orc priest!
You sock Snorg! You punch Snorg. Your bite misses Snorg.
Snorg is lightly wounded.
Snorg bites you but does no damage. Snorg claws you but does no damage. x2
Snorg bites you. Snorg claws you but does no damage. Snorg claws you!
Okay, then.
Okay, then.
Aiming: Corrosive Bolt
Press: ? - help, Shift-Dir - straight line, f - yak
Aim: a yak (84% to hit)
The bolt of acid hits Snorg!
Snorg is lightly wounded.
The bolt of acid hits the yak!
The acid corrodes the yak!
The yak is moderately wounded.
Snorg bites you!
* * * LOW HITPOINT WARNING * * *
Snorg claws you but does no damage. x2
Unknown command.
Aiming: Corrosive Bolt
Press: ? - help, Shift-Dir - straight line, f - orc warrior, p - yak
Aim: an orc warrior, wielding a +0 flail and wearing a +0 plate armour (almost dead, 74% to hit)
The bolt of acid hits Snorg!!
The acid corrodes Snorg!
Snorg is moderately wounded.
The bolt of acid hits the yak!!
The yak is almost dead.
The bolt of acid hits the orc warrior!
The acid corrodes the orc warrior!
You kill the orc warrior!
The now-empty wand crumbles to dust.
Snorg bites you!!
You die...

#..........#
#.......####
#.#...#.# ∆
######.......#
#.......<#####
#.#...##.# #........#
. #######.<.##
....##.....#@..# .
.........)YT†..####
......#####..#..>...#
...####...#..#.#..#.#
#.......#.#..#.#....#
#.........#..#)#)...#
#.....o.Y.#..#†#....#
#.....#......#†...#.#
#....#.#....##....#.#


You could see Snorg (berserk, corroded) and a yak (corroded).

Vanquished Creatures
  Erica (D:9)
  A two-headed ogre (D:10)
  A gargoyle (D:10)
  5 yaks (D:10)
  A steam dragon (D:7)
  Grum (D:8)
  2 vampire mosquitoes (D:8)
  2 water moccasins
  4 orc warriors
  2 ice beasts
  A centaur (D:5)
  2 wolves (D:8)
  3 ogres
  A phantom (D:6)
  2 kobold brigands
  2 bullfrogs (D:7)
  2 gnoll sergeants
  A scorpion (D:5)
  3 wights (D:8)
  3 hounds
  3 bombardier beetles
  2 orc priests
  An iguana (D:6)
  2 orc wizards (D:9)
  6 adders
  15 gnolls
  2 shadow imps
  3 white imps
  2 ufetubi (D:7)
  2 ribbon worms
  2 dart slugs
  22 orcs
  8 ball pythons
  8 endoplasms
  6 giant cockroaches
  11 goblins
  9 hobgoblins
  A jackal (D:6)
  2 quokkas (D:1)
  5 bats
  2 frilled lizards (D:1)
  18 kobolds
  A rat (D:1)
173 creatures vanquished.

Notes
Turn   | Place    | Note
-------+----------+-------------------------------------------
     0 | D:1      | edsrzf the Gnoll Cinder Acolyte began the quest for the
                  | Orb.
     0 | D:1      | Reached XP level 1. HP: 23/23 MP: 4/4
    93 | D:1      | Found a faded altar of an unknown god.
   127 | D:1      | Got Plato's Catalogue of Transposition
   150 | D:1      | Reached XP level 2. HP: 26/29 MP: 5/5
   645 | D:1      | Reached XP level 3. HP: 35/35 MP: 7/7
  1071 | D:2      | Reached skill level 1 in Invocations
  1447 | D:2      | Reached skill level 1 in Short Blades
  1447 | D:2      | Reached skill level 1 in Long Blades
  1447 | D:2      | Reached skill level 1 in Axes
  1447 | D:2      | Reached skill level 1 in Polearms
  1447 | D:2      | Reached skill level 1 in Staves
  1447 | D:2      | Reached skill level 1 in Ranged Weapons
  1447 | D:2      | Reached skill level 1 in Throwing
  1447 | D:2      | Reached skill level 1 in Armour
  1447 | D:2      | Reached skill level 1 in Dodging
  1447 | D:2      | Reached skill level 1 in Stealth
  1447 | D:2      | Reached skill level 1 in Shields
  1447 | D:2      | Reached skill level 1 in Unarmed Combat
  1447 | D:2      | Reached skill level 1 in Evocations
  1450 | D:2      | Reached skill level 3 in Spellcasting
  1450 | D:2      | Reached skill level 1 in Shapeshifting
  1450 | D:2      | Reached XP level 4. HP: 7/41 MP: 8/8
  1462 | D:2      | Reached skill level 1 in Conjurations
  1462 | D:2      | Reached skill level 1 in Hexes
  1462 | D:2      | Reached skill level 1 in Summonings
  1462 | D:2      | Reached skill level 1 in Necromancy
  1462 | D:2      | Reached skill level 1 in Translocations
  1462 | D:2      | Reached skill level 1 in Ice Magic
  1462 | D:2      | Reached skill level 1 in Air Magic
  1462 | D:2      | Reached skill level 1 in Earth Magic
  1462 | D:2      | Reached skill level 1 in Alchemy
  2400 | D:3      | Reached XP level 5. HP: 46/47 MP: 9/9
  2977 | D:3      | Found a snail-covered altar of Cheibriados.
  3103 | D:4      | Reached skill level 2 in Invocations
  3103 | D:4      | Reached XP level 6. HP: 48/53 MP: 9/11
  3232 | D:4      | Identified 6 scrolls of identify
  3232 | D:4      | Identified a potion of mutation
  3233 | D:4      | Identified a potion of ambrosia
  3234 | D:4      | Identified a potion of might
  3235 | D:4      | Identified a potion of invisibility
  3236 | D:4      | Identified a potion of heal wounds
  3237 | D:4      | Identified a potion of curing
  3381 | D:4      | Identified 2 potions of lignification
  3704 | D:4      | Noticed an ice beast
  3716 | D:4      | Killed an ice beast
  3717 | D:4      | Reached skill level 2 in Short Blades
  3717 | D:4      | Reached skill level 2 in Long Blades
  3717 | D:4      | Reached skill level 2 in Axes
  3717 | D:4      | Reached skill level 2 in Polearms
  3717 | D:4      | Reached skill level 2 in Staves
  3717 | D:4      | Reached skill level 2 in Ranged Weapons
  3717 | D:4      | Reached skill level 2 in Throwing
  3717 | D:4      | Reached skill level 2 in Armour
  3717 | D:4      | Reached skill level 2 in Dodging
  3717 | D:4      | Reached skill level 2 in Stealth
  3717 | D:4      | Reached skill level 2 in Shields
  3717 | D:4      | Reached skill level 2 in Unarmed Combat
  3717 | D:4      | Reached skill level 2 in Evocations
  3734 | D:4      | Found the +7 Kryia's mail coat {PotionHeal*2 rC+}
  3903 | D:5      | Entered Level 5 of the Dungeon
  3913 | D:5      | Noticed an ice beast
  3917 | D:5      | Reached skill level 2 in Shapeshifting
  3928 | D:5      | Killed an ice beast
  3929 | D:5      | Reached skill level 7 in Fighting
  3929 | D:5      | Reached skill level 7 in Maces & Flails
  3929 | D:5      | Reached XP level 7. HP: 60/60 MP: 12/12
  4040 | D:5      | Reached skill level 2 in Conjurations
  4040 | D:5      | Reached skill level 2 in Hexes
  4040 | D:5      | Reached skill level 2 in Summonings
  4040 | D:5      | Reached skill level 2 in Necromancy
  4040 | D:5      | Reached skill level 2 in Translocations
  4040 | D:5      | Reached skill level 2 in Ice Magic
  4040 | D:5      | Reached skill level 2 in Air Magic
  4040 | D:5      | Reached skill level 2 in Earth Magic
  4040 | D:5      | Reached skill level 2 in Alchemy
  4206 | D:5      | Reached skill level 3 in Invocations
  4221 | D:5      | Reached skill level 4 in Spellcasting
  4265 | D:5      | Identified a potion of magic
  4332 | D:5      | Reached skill level 6 in Fire Magic
  4747 | D:6      | Reached skill level 3 in Short Blades
  4747 | D:6      | Reached skill level 3 in Long Blades
  4747 | D:6      | Reached skill level 3 in Axes
  4747 | D:6      | Reached skill level 3 in Polearms
  4747 | D:6      | Reached skill level 3 in Staves
  4747 | D:6      | Reached skill level 3 in Ranged Weapons
  4747 | D:6      | Reached skill level 3 in Throwing
  4747 | D:6      | Reached skill level 3 in Armour
  4747 | D:6      | Reached skill level 3 in Dodging
  4747 | D:6      | Reached skill level 3 in Stealth
  4747 | D:6      | Reached skill level 3 in Shields
  4747 | D:6      | Reached skill level 3 in Unarmed Combat
  4747 | D:6      | Reached skill level 3 in Evocations
  4747 | D:6      | Reached XP level 8. HP: 67/67 MP: 14/14
  4777 | D:6      | Found a transporter.
  4778 | D:6      | Found a transporter.
  4778 | D:6      | Noticed a yak
  4804 | D:6      | Noticed a manticore
  4808 | D:6      | Found a basalt altar of Yredelemnul.
  4810 | D:6      | Noticed a two-headed ogre
  4852 | D:6      | Found a sacrificial altar of Ru.
  5310 | D:6      | Reached skill level 3 in Shapeshifting
  5455 | D:7      | Found a staircase to the Ecumenical Temple.
  5537 | D:7      | Reached skill level 4 in Invocations
  5544 | D:7      | Reached skill level 3 in Conjurations
  5544 | D:7      | Reached skill level 3 in Hexes
  5544 | D:7      | Reached skill level 3 in Summonings
  5544 | D:7      | Reached skill level 3 in Necromancy
  5544 | D:7      | Reached skill level 3 in Translocations
  5544 | D:7      | Reached skill level 3 in Ice Magic
  5544 | D:7      | Reached skill level 3 in Air Magic
  5544 | D:7      | Reached skill level 3 in Earth Magic
  5544 | D:7      | Reached skill level 3 in Alchemy
  5925 | D:7      | Found Zemodik's Jewellery Shop.
  5995 | D:7      | Reached XP level 9. HP: 58/73 MP: 16/16
  5999 | D:7      | Reached skill level 4 in Short Blades
  5999 | D:7      | Reached skill level 4 in Long Blades
  5999 | D:7      | Reached skill level 4 in Axes
  5999 | D:7      | Reached skill level 4 in Polearms
  5999 | D:7      | Reached skill level 4 in Staves
  5999 | D:7      | Reached skill level 4 in Ranged Weapons
  5999 | D:7      | Reached skill level 4 in Throwing
  5999 | D:7      | Reached skill level 4 in Armour
  5999 | D:7      | Reached skill level 4 in Dodging
  5999 | D:7      | Reached skill level 4 in Stealth
  5999 | D:7      | Reached skill level 4 in Shields
  5999 | D:7      | Reached skill level 4 in Unarmed Combat
  5999 | D:7      | Reached skill level 4 in Evocations
  6040 | D:7      | Reached skill level 5 in Spellcasting
  6508 | D:8      | Noticed Grum
  6525 | D:8      | Killed Grum
  6526 | D:8      | Reached skill level 4 in Shapeshifting
  6538 | D:8      | Reached skill level 8 in Fighting
  6538 | D:8      | Reached skill level 8 in Maces & Flails
  6620 | D:8      | Found a shimmering blue altar of Sif Muna.
  6773 | D:8      | Reached skill level 5 in Invocations
  6863 | D:8      | Found a white marble altar of Elyvilon.
  6919 | D:9      | Noticed Erica
  7049 | D:9      | Found Sixuudira's Assorted Antiques.
  7061 | D:9      | Bought a scroll labelled TIAQEMUOSK for 20 gold pieces
  7061 | D:9      | Bought a scroll labelled DEUFIJ ERESCH for 20 gold pieces
  7061 | D:9      | Bought a scroll labelled RARAOPHEET for 20 gold pieces
  7061 | D:9      | Bought a scroll labelled DEUFIJ ERESCH for 20 gold pieces
  7061 | D:9      | Bought a metallic puce potion for 18 gold pieces
  7073 | D:9      | Found Pur Duom's Antique Armour Shop.
  7206 | D:9      | Killed Erica
  7207 | D:9      | Reached skill level 5 in Short Blades
  7207 | D:9      | Reached skill level 5 in Long Blades
  7207 | D:9      | Reached skill level 5 in Axes
  7207 | D:9      | Reached skill level 5 in Polearms
  7207 | D:9      | Reached skill level 5 in Staves
  7207 | D:9      | Reached skill level 5 in Ranged Weapons
  7207 | D:9      | Reached skill level 5 in Throwing
  7207 | D:9      | Reached skill level 5 in Armour
  7207 | D:9      | Reached skill level 5 in Dodging
  7207 | D:9      | Reached skill level 5 in Stealth
  7207 | D:9      | Reached skill level 5 in Shields
  7207 | D:9      | Reached skill level 5 in Unarmed Combat
  7207 | D:9      | Reached skill level 4 in Conjurations
  7207 | D:9      | Reached skill level 4 in Hexes
  7207 | D:9      | Reached skill level 4 in Summonings
  7207 | D:9      | Reached skill level 4 in Necromancy
  7207 | D:9      | Reached skill level 4 in Translocations
  7207 | D:9      | Reached skill level 7 in Fire Magic
  7207 | D:9      | Reached skill level 4 in Ice Magic
  7207 | D:9      | Reached skill level 4 in Air Magic
  7207 | D:9      | Reached skill level 4 in Earth Magic
  7207 | D:9      | Reached skill level 4 in Alchemy
  7207 | D:9      | Reached skill level 5 in Evocations
  7207 | D:9      | Reached XP level 10. HP: 68/82 MP: 18/18
  7249 | D:9      | Found an ancient bone altar of Kikubaaqudgha.
  7250 | D:9      | Found a sparkling altar of Nemelex Xobeh.
  7561 | D:10     | Entered Level 10 of the Dungeon
  7584 | D:10     | Noticed a gargoyle
  7606 | D:10     | Killed a gargoyle
  7607 | D:10     | Reached skill level 6 in Spellcasting
  7643 | D:10     | Reached skill level 6 in Invocations
  7708 | D:10     | Noticed a two-headed ogre
  7717 | D:10     | Reached skill level 5 in Shapeshifting
  7724 | D:10     | Noticed Snorg
  7728 | D:10     | Killed a two-headed ogre
  7736 | D:10     | Slain by Snorg

Illustrated notes

Levels and vault maps discovered:
D:1:      dpeg_arrival_ternary, layout_basic,
          shapermc_ecumenical_altar_rom_forum
D:2:      layout_basic, kennysheep_generic_room_7
D:3:      layout_basic, nicolae_overflow_hidden_temple, cheibriados_altar_1,
          serial_park_tiny_1
D:4:      layout_basic, eino_small_chamber_without_monster,
          minmay_increasing_density
D:5:      layout_basic
D:6:      layout_rooms, nicolae_ru_great_annihilating_truth,
          gammafunk_temple_overflow_arena, minmay_misc_feat_tiny,
          dk_rats_in_the_wall
D:7:      layout_basic, minmay_temple_entry_waves, serial_shops, shop_fountains
D:8:      layout_gridville, kennysheep_little_box, lemuel_round_altar, uniq_grum
D:9:      layout_cross, mainiacjoe_overflow_divided_tiny, serial_shops, shop,
          nicolae_shop_trees, uniq_erica
D:10:     layout_stronghold, regret_index_temple_of_mockery,
          minmay_lair_entry_grove, david_orc_3, nicolae_the_louvre, uniq_snorg,
          uniq_harold

Skill      XL: |  1  2  3  4  5  6  7  8  9 10 |
---------------+-------------------------------+-----
Invocations    | 1 2 3 4 5 6 |  6.2
Short Blades   | 1 2 3 5 |  5.6
Long Blades    | 1 2 3 5 |  5.6
Axes           | 1 2 3 5 |  5.6
Polearms       | 1 2 3 5 |  5.6
Staves         | 1 2 3 5 |  5.6
Ranged Weapons | 1 2 3 5 |  5.6
Throwing       | 1 2 3 5 |  5.6
Armour         | 1 2 3 5 |  5.6
Dodging        | 1 2 3 5 |  5.6
Stealth        | 1 2 3 5 |  5.6
Shields        | 1 2 3 5 |  5.6
Unarmed Combat | 1 2 3 5 |  5.6
Evocations     | 1 2 3 5 |  5.6
Spellcasting   | 3 4 5 6 |  6.3
Shapeshifting  | 1 2 3 4 5 |  5.1
Conjurations   | 1 2 3 4 |  4.6
Hexes          | 1 2 3 4 |  4.6
Summonings     | 1 2 3 4 |  4.6
Necromancy     | 1 2 3 4 |  4.6
Translocations | 1 2 3 4 |  4.6
Ice Magic      | 1 2 3 4 |  4.6
Air Magic      | 1 2 3 4 |  4.6
Earth Magic    | 1 2 3 4 |  4.6
Alchemy        | 1 2 3 4 |  4.6
Fighting       | 7 8 |  8.7
Maces & Flails | 7 8 |  8.7
Fire Magic     | 6 7 |  7.3

Action                     |  1- 3 |  4- 6 |  7- 9 | 10-12 || total
---------------------------+-------+-------+-------+-------++-------
  Melee: Mace              |   110 |    35 |       |       ||   145
         Bite              |    10 |    15 |    37 |     6 ||    68
         Punch             |     2 |     2 |     8 |     5 ||    17
         Flail             |       |   102 |   418 |    81 ||   601
  Throw: Dart              |       |       |     7 |       ||     7
 Invoke: Fiery Armour      |     1 |     1 |     1 |     1 ||     4
  Evoke: Wand              |       |     4 |       |     2 ||     6
    Use: Scroll            |       |     7 |     1 |       ||     8
         Potion            |       |       |     1 |     1 ||     2
   Stab: Paralysed         |       |       |     1 |       ||     1
 Armour: Robe              |    71 |    74 |       |       ||   145
         Scale mail        |       |     6 |   375 |    73 ||   454
  Dodge: Dodged            |    59 |    65 |   244 |    27 ||   395
